PL
ATHLETIC CLUB KC @ BUCKHEAD BOWTIES
09/24/2023
 
TOP OF THE 1ST
Athletic Club KC batting - Pitching for Buckhead Bowties : RHP Ricardo DePay
Pitching: RHP Ricardo DePay
Batting: RHB Jorge Trevino 0-0: Swinging Strike
0-1: Ball
1-1: Fly out, F7 (Flyball, 8LS)
Batting: SHB David Henderson 0-0: Ball
1-0: Fly out, F9 (Line Drive, 89M)
Batting: RHB Ramón Souza 0-0: Foul Ball, location: 2F
0-1: Foul Ball, location: 2F
0-2: Ball
1-2: Ball
2-2: Ball
3-2: Foul Ball, location: 2F
3-2: Base on Balls
Batting: RHB John Downing 0-0: Called Strike
0-1: DOUBLE (Line Drive, 7LD)
Ramón Souza to third
Batting: RHB Todd Blake 0-0: Ball
1-0: Swinging Strike
1-1: Fly out, F8 (Flyball, 8RD)
Top of the 1st over - 0 run(s), 1 hit(s), 0 error(s), 2 left on base; Athletic Club KC 0 - Buckhead 0
BOTTOM OF THE 1ST
Buckhead Bowties batting - Pitching for Athletic Club KC : RHP Torvald Geertsen
Pitching: RHP Torvald Geertsen
Batting: RHB Enrique Marroquín 0-0: Ball
1-0: Called Strike
1-1: SINGLE (Groundball, 56)
Batting: LHB Neil Lawson 0-0: Ball
1-0: SINGLE (Line Drive, 78S)
Enrique Marroquín to second
Batting: LHB Gregg Young 0-0: Foul Ball, location: 2F
0-1: Swinging Strike
0-2: Ball
1-2: Foul Ball, location: 2F
1-2: Strikes out swinging
Batting: RHB Domingo García 0-0: Called Strike
0-1: Ball
1-1: Called Strike
1-2: Ball
2-2: Ball
3-2: Base on Balls
Enrique Marroquín to third
Neil Lawson to second
Batting: RHB Gabriel Rodríguez 0-0: Called Strike
0-1: Ball
1-1: Called Strike
1-2: Foul Ball, location: 2F
1-2: Strikes out looking
Batting: RHB Won-min Yi 0-0: Foul Ball, location: 2F
0-1: Ball
1-1: Ball
2-1: Ball
3-1: DOUBLE (Line Drive, 7LM)
Enrique Marroquín scores
Neil Lawson scores
Domingo García to third
Batting: RHB Albert Morales 0-0: Ball
1-0: Ball
2-0: Ball
3-0: Called Strike
3-1: Fly out, F3 (Popup, 3F)
Bottom of the 1st over - 2 run(s), 3 hit(s), 0 error(s), 2 left on base; Athletic Club KC 0 - Buckhead 2
TOP OF THE 2ND
Athletic Club KC batting - Pitching for Buckhead Bowties : RHP Ricardo DePay
Batting: SHB Pedro Vázquez 0-0: Ground out 3-1 (Groundball, 34S)
Batting: RHB Jake Collins 0-0: Ball
1-0: Swinging Strike
1-1: Reached on error, E6 (Groundball, 6)
Batting: RHB Ed Hopkins 0-0: Ball
1-0: Ball
2-0: Called Strike
2-1: Ball
3-1: Foul Ball, location: 2F
3-2: Strikes out swinging
Batting: RHB Jason Dunn 0-0: Called Strike
0-1: Ball
Wild Pitch!
Jake Collins to second
1-1: Ground out 5-3 (Groundball, 56)
Top of the 2nd over - 0 run(s), 0 hit(s), 1 error(s), 1 left on base; Athletic Club KC 0 - Buckhead 2
BOTTOM OF THE 2ND
Buckhead Bowties batting - Pitching for Athletic Club KC : RHP Torvald Geertsen
Batting: LHB Harrison Jones 0-0: Ball
1-0: Foul Ball, location: 2F
1-1: Ball
2-1: Fly out, F3 (Line Drive, 34)
Batting: RHB Joe Andrews 0-0: Ball
1-0: Called Strike
1-1: Ball
2-1: Ball
3-1: Ground out 6-3 (Groundball, 56)
Batting: RHB Enrique Marroquín 0-0: Called Strike
0-1: Foul Ball, location: 2F
0-2: Ball
1-2: Foul Ball, location: 2F
1-2: Foul Ball, location: 2F
1-2: SINGLE (Line Drive, 34D)
Batting: LHB Neil Lawson 0-0: Called Strike
0-1: Ball
1-1: Foul Ball, location: 2F
1-2: Ball
2-2: Foul Ball, location: 2F
2-2: Foul Ball, location: 2F
2-2: Fly out, F7 (Flyball, 78S)
Bottom of the 2nd over - 0 run(s), 1 hit(s), 0 error(s), 1 left on base; Athletic Club KC 0 - Buckhead 2
TOP OF THE 3RD
Athletic Club KC batting - Pitching for Buckhead Bowties : RHP Ricardo DePay
Batting: RHB Jorge Trevino 0-0: Ball
1-0: Ball
2-0: Called Strike
2-1: Ball
3-1: Foul Ball, location: 2F
3-2: Strikes out swinging
Batting: SHB David Henderson 0-0: Ball
1-0: Fly out, F5 (Popup, 5F)
Batting: RHB Ramón Souza 0-0: SOLO HOME RUN (Line Drive, 7LD), Distance : 385 ft
Batting: RHB John Downing 0-0: Ground out 5-3 (Groundball, 56S)
Top of the 3rd over - 1 run(s), 1 hit(s), 0 error(s), 0 left on base; Athletic Club KC 1 - Buckhead 2
BOTTOM OF THE 3RD
Buckhead Bowties batting - Pitching for Athletic Club KC : RHP Torvald Geertsen
Batting: LHB Gregg Young 0-0: Ball
1-0: Ball
2-0: Ball
3-0: Called Strike
3-1: Foul Ball, location: 2F
3-2: Foul Ball, location: 2F
3-2: Base on Balls
Batting: RHB Domingo García 0-0: Swinging Strike
0-1: SINGLE (Groundball, 4MD)
Gregg Young to second
Batting: RHB Gabriel Rodríguez 0-0: Grounds into double play, 6-4-3 (Groundball, 6)
Gregg Young to third
Batting: RHB Won-min Yi 0-0: Called Strike
0-1: Ball
Wild Pitch!
Gregg Young scores
1-1: Ball
2-1: Bunted foul
2-2: Foul Ball, location: 2F
2-2: Foul Ball, location: 2F
2-2: Foul Ball, location: 2F
2-2: Ground out 5-3 (Groundball, 56)
Bottom of the 3rd over - 1 run(s), 1 hit(s), 0 error(s), 0 left on base; Athletic Club KC 1 - Buckhead 3
TOP OF THE 4TH
Athletic Club KC batting - Pitching for Buckhead Bowties : RHP Ricardo DePay
Batting: RHB Todd Blake 0-0: Swinging Strike
0-1: Called Strike
0-2: Ball
1-2: Strikes out looking
Batting: SHB Pedro Vázquez 0-0: Ball
1-0: Ball
2-0: Ball
3-0: Called Strike
3-1: Swinging Strike
3-2: Base on Balls
Batting: RHB Jake Collins 0-0: Ball
1-0: Ball
2-0: Called Strike
2-1: Ball
3-1: Base on Balls
Pedro Vázquez to second
Batting: RHB Ed Hopkins 0-0: Foul Ball, location: 2F
0-1: Ball
1-1: Fly out, F8 (Flyball, 8RD)
Runner from 2nd tags up, SAFE at 3rd, no throw
Batting: RHB Jason Dunn 0-0: Called Strike
0-1: Foul Ball, location: 2F
0-2: SINGLE (Flyball, 6MD)
Pedro Vázquez scores
Jake Collins to second
Batting: RHB Jorge Trevino 0-0: Foul Ball, location: 2F
0-1: Ball
1-1: Ball
2-1: Fly out, F3 (Popup, 3DF)
Top of the 4th over - 1 run(s), 1 hit(s), 0 error(s), 2 left on base; Athletic Club KC 2 - Buckhead 3
BOTTOM OF THE 4TH
Buckhead Bowties batting - Pitching for Athletic Club KC : RHP Torvald Geertsen
Batting: RHB Albert Morales 0-0: Called Strike
0-1: Ground out 6-3 (Groundball, 6)
Batting: LHB Harrison Jones 0-0: Ball
1-0: Ball
2-0: Foul Ball, location: 2F
2-1: Ball
3-1: Ground out U3 (Groundball, 3L)
Batting: RHB Joe Andrews 0-0: Called Strike
0-1: SINGLE (Groundball, 34D)
Batting: RHB Enrique Marroquín 0-0: Ball
1-0: Called Strike
1-1: Called Strike
1-2: Strikes out swinging
Bottom of the 4th over - 0 run(s), 1 hit(s), 0 error(s), 1 left on base; Athletic Club KC 2 - Buckhead 3
TOP OF THE 5TH
Athletic Club KC batting - Pitching for Buckhead Bowties : RHP Ricardo DePay
Batting: SHB David Henderson 0-0: Ball
1-0: Fly out, F9 (Line Drive, 9LM)
Batting: RHB Ramón Souza 0-0: Called Strike
0-1: Swinging Strike
0-2: Foul Ball, location: 2F
0-2: Strikes out swinging
Batting: RHB John Downing 0-0: Called Strike
0-1: Swinging Strike
0-2: Foul Ball, location: 2F
0-2: Ball
1-2: Foul Ball, location: 2F
1-2: Ball
2-2: Strikes out swinging
Top of the 5th over - 0 run(s), 0 hit(s), 0 error(s), 0 left on base; Athletic Club KC 2 - Buckhead 3
BOTTOM OF THE 5TH
Buckhead Bowties batting - Pitching for Athletic Club KC : RHP Torvald Geertsen
Batting: LHB Neil Lawson 0-0: Called Strike
0-1: Swinging Strike
0-2: Fly out, F8 (Flyball, 8RD)
Batting: LHB Gregg Young 0-0: Ball
1-0: Swinging Strike
1-1: Foul Ball, location: 2F
1-2: Ball
2-2: Ground out U3 (Groundball, 3L)
Batting: RHB Domingo García 0-0: Fly out, F9 (Flyball, 9LM)
Bottom of the 5th over - 0 run(s), 0 hit(s), 0 error(s), 0 left on base; Athletic Club KC 2 - Buckhead 3
TOP OF THE 6TH
Athletic Club KC batting - Pitching for Buckhead Bowties : RHP Ricardo DePay
Batting: RHB Todd Blake 0-0: Ball
1-0: Foul Ball, location: 2F
1-1: SINGLE (Line Drive, 6MD)
Batting: SHB Pedro Vázquez 0-0: Sac Bunt - play at first, batter OUT! 1-3
Todd Blake to second
Batting: RHB Jake Collins 0-0: 2-RUN HOME RUN (Flyball, 9D), Distance : 368 ft
Batting: RHB Ed Hopkins 0-0: Ball
1-0: SINGLE (Groundball, 5D)
Batting: RHB Jason Dunn 0-0: Ball
1-0: Swinging Strike
1-1: Ball
2-1: Ground out 5-3 (Groundball, 5)
Ed Hopkins to second
Batting: RHB Jorge Trevino 0-0: Called Strike
0-1: Ground out 6-3 (Groundball, 6)
Top of the 6th over - 2 run(s), 3 hit(s), 0 error(s), 1 left on base; Athletic Club KC 4 - Buckhead 3
BOTTOM OF THE 6TH
Buckhead Bowties batting - Pitching for Athletic Club KC : RHP Torvald Geertsen
Batting: RHB Gabriel Rodríguez 0-0: Ball
1-0: Ground out 1-3 (Groundball, 13)
Batting: RHB Won-min Yi 0-0: Ground out 5-3 (Groundball, 56)
Batting: RHB Albert Morales 0-0: Ball
1-0: Ball
2-0: Called Strike
2-1: Ground out 6-3 (Groundball, 6M)
Bottom of the 6th over - 0 run(s), 0 hit(s), 0 error(s), 0 left on base; Athletic Club KC 4 - Buckhead 3
TOP OF THE 7TH
Athletic Club KC batting - Pitching for Buckhead Bowties : RHP Ricardo DePay
Batting: SHB David Henderson 0-0: Ball
1-0: Foul Ball, location: 2F
1-1: Ball
2-1: Swinging Strike
2-2: Ball
3-2: Foul Ball, location: 2F
3-2: Foul Ball, location: 2F
3-2: Base on Balls
Pitching: RHP Akihiko Rin
Batting: RHB Ramón Souza 0-0: Called Strike
0-1: Ball
1-1: Grounds into double play, 5-4-3 (Groundball, 5)
Batting: RHB John Downing 0-0: Called Strike
0-1: Foul Ball, location: 2F
0-2: Ball
1-2: SINGLE (Groundball, 6MD)
Batting: RHB Todd Blake 0-0: Ball
1-0: Ground out 5-3 (Groundball, 56S)
Top of the 7th over - 0 run(s), 1 hit(s), 0 error(s), 1 left on base; Athletic Club KC 4 - Buckhead 3
BOTTOM OF THE 7TH
Buckhead Bowties batting - Pitching for Athletic Club KC : RHP Torvald Geertsen
Batting: LHB Harrison Jones 0-0: Ball
1-0: Ball
2-0: Ball
3-0: Base on Balls
Batting: RHB Joe Andrews 0-0: Swinging Strike
0-1: Ball
1-1: Sac Bunt - play at first, batter OUT! U3
Harrison Jones to second
Pitching: RHP Ole Kos
Batting: RHB Enrique Marroquín 0-0: Ball
1-0: Ball
2-0: Ball
Harrison Jones is caught stealing 3rd base
3-0: Called Strike
3-1: Foul Ball, location: 2F
3-2: Foul Ball, location: 2F
3-2: Base on Balls
Batting: LHB Neil Lawson 0-0: Called Strike
Enrique Marroquín is caught stealing 2nd base
Bottom of the 7th over - 0 run(s), 0 hit(s), 0 error(s), 0 left on base; Athletic Club KC 4 - Buckhead 3
TOP OF THE 8TH
Athletic Club KC batting - Pitching for Buckhead Bowties : RHP Akihiko Rin
Batting: SHB Pedro Vázquez 0-0: Ball
1-0: Called Strike
1-1: SINGLE (Groundball, 4MD)
Batting: RHB Jake Collins 0-0: Ball
1-0: Called Strike
1-1: Ball
2-1: Ball
3-1: Fly out, F6 (Popup, 6)
Batting: RHB Ed Hopkins 0-0: Ball
1-0: Foul Ball, location: 2F
1-1: Ball
2-1: Called Strike
2-2: Fielders Choice at 2nd, 1-6 (Groundball, 23)
Pinch Hitting: LHB Lawrence Washington 0-0: Ball
1-0: Ball
2-0: Ball
3-0: Called Strike
3-1: Foul Ball, location: 2F
3-2: Foul Ball, location: 2F
3-2: Fly out, F5 (Line Drive, 5S)
Top of the 8th over - 0 run(s), 1 hit(s), 0 error(s), 1 left on base; Athletic Club KC 4 - Buckhead 3
BOTTOM OF THE 8TH
Buckhead Bowties batting - Pitching for Athletic Club KC : RHP Ole Kos
Pitching: LHP António Uribe
Now at SS: Lawrence Washington
Batting: LHB Neil Lawson 0-0: Ball
1-0: Swinging Strike
1-1: Swinging Strike
1-2: Ball
2-2: Strikes out looking
Batting: LHB Gregg Young 0-0: Called Strike
0-1: Ball
1-1: Ball
2-1: Called Strike
2-2: Fly out, F8 (Line Drive, 8LXD)
Pitching: RHP Pedro Ramírez
Batting: RHB Domingo García 0-0: Swinging Strike
0-1: Ground out 6-3 (Groundball, 6)
Bottom of the 8th over - 0 run(s), 0 hit(s), 0 error(s), 0 left on base; Athletic Club KC 4 - Buckhead 3
TOP OF THE 9TH
Athletic Club KC batting - Pitching for Buckhead Bowties : RHP Akihiko Rin
Pitching: LHP Chris Rogers
Batting: RHB Jorge Trevino 0-0: Ball
1-0: SINGLE (Line Drive, 78S)
Batting: SHB David Henderson 0-0: Ball
1-0: Called Strike
1-1: Bunted foul
1-2: Ball
2-2: DOUBLE (Line Drive, 78D)
Jorge Trevino to third
Batting: RHB Ramón Souza 0-0: Foul Ball, location: 2F
0-1: Called Strike
0-2: Strikes out swinging
Batting: RHB John Downing 0-0: Intentional Walk
Batting: RHB Todd Blake 0-0: Fly out, F9 (Flyball, 9S)
Batting: SHB Pedro Vázquez 0-0: Fly out, F7 (Flyball, 7D)
Top of the 9th over - 0 run(s), 2 hit(s), 0 error(s), 3 left on base; Athletic Club KC 4 - Buckhead 3
BOTTOM OF THE 9TH
Buckhead Bowties batting - Pitching for Athletic Club KC : RHP Pedro Ramírez
Pitching: RHP Gene Kirkland
Batting: RHB Gabriel Rodríguez 0-0: Ball
1-0: Ball
2-0: Foul Ball, location: 2F
2-1: Foul Ball, location: 2F
2-2: Strikes out swinging
Batting: RHB Won-min Yi 0-0: Foul Ball, location: 2F
0-1: Foul Ball, location: 2F
0-2: Strikes out swinging
Pinch Hitting: RHB Pedro Morales 0-0: Ball
1-0: Called Strike
1-1: Swinging Strike
1-2: Strikes out looking
Bottom of the 9th over - 0 run(s), 0 hit(s), 0 error(s), 0 left on base; Athletic Club KC 4 - Buckhead 3
This league is powered by Out of the Park Baseball, the baseball management simulation game for PC, Mac and Linux
Friday, July 8th, 2016 - OOTP Baseball 16.9 Build 39